 Dungeon Crawl Stone Soup version 0.28-b1-25-g9875b3fc8c (webtiles) character file.

Game seed: 8588445119208345683

47 croobank the Cutter (level 3, -3/27 HPs)
             Began as a Vampire Gladiator on Jan 31, 2022.
             Slain by a hobgoblin (4 damage)
             ... on level 4 of the Dungeon.
             The game lasted 00:08:33 (1068 turns).

croobank the Cutter (Vampire Gladiator)             Turns: 1068, Time: 00:08:33

Health: -3/27      AC:  6    Str: 12 (15) XL:     3   Next: 48%
Magic:  3/3        EV: 11    Int:  8 (10) God:
Gold:   107        SH:  0    Dex: 12 (15) Spells: 2/2 levels left

rFire   . . .      SeeInvis +   a - +0 rapier
rCold   . . .      Faith    .   (no shield)
rNeg    . . .      Spirit   .   k - +0 ring mail
rPois   +          Reflect  .   c - +0 helmet
rElec   .          Harm     .   (no cloak)
rCorr   .          Rampage  .   (no gloves)
Will    .....                   (no boots)
Stlth   +.........              (no amulet)
HPRegen 0.29/turn               i - ring of poison resistance
MPRegen 0.08/turn               (no ring)

@: healing quickly
A: alive, fangs 3, see invisible, vampiric 2
a: Exsanguinate


You were on level 4 of the Dungeon.
You visited 1 branch of the dungeon, and saw 3 of its levels.

You collected 107 gold pieces.

Inventory:

Hand Weapons
 a - a +0 rapier (weapon)
 e - a +0 war axe
Missiles
 j - 12 stones (quivered)
Armour
 b - a +0 leather armour
 c - a +0 helmet (worn)
 k - a +0 ring mail (worn)
Jewellery
 i - a ring of poison resistance (left hand)
Potions
 f - a potion of attraction
 h - a potion of brilliance


   Skills:
 + Level 2.2 Fighting
 + Level 4.2 Short Blades
 + Level 1.6 Throwing
 + Level 0.1 Armour
 + Level 3.7 Dodging
 + Level 0.6 Stealth


You had 2 spell levels left.
You didn't know any spells.
Your spell library was empty.

Dungeon Overview and Level Annotations

Branches:
Dungeon (2/15)

Altars:


Innate Abilities, Weirdness & Mutations

Your natural rate of healing is accelerated.
You have razor-sharp teeth.
You have supernaturally acute eyesight. (SInv)
You are afflicted with vampirism and can become a bat while bloodless.


Message History

The adder bites you. The adder barely misses you. The kobold barely misses you.
The adder misses you. The kobold closely misses you. The adder bites you.
The kobold hits you with a +0 dagger.
* * * LOW HITPOINT WARNING * * *
The adder bites you but does no damage. The adder bites you.
* * * LOW HITPOINT WARNING * * *
You feel a little less clever now. The adder barely misses you.
A hound comes into view.
Found 15 stones.
The adder bites you.
* * * LOW HITPOINT WARNING * * *
The adder misses you. The adder bites you but does no damage.
Found a leather armour.
The hound bites you.
* * * LOW HITPOINT WARNING * * *
The hound misses you.
A hobgoblin comes into view.
The hobgoblin shouts!
The hound barely misses you. The hound bites you.
* * * LOW HITPOINT WARNING * * *
The adder barely misses you. The hound closely misses you.
A hound skeleton comes into view.
The hound barely misses you. The adder bites you.
* * * LOW HITPOINT WARNING * * *
The hound bites you but does no damage.
The hound skeleton completely misses you.
The hound bites you but does no damage. The hound skeleton closely misses you.
The hound skeleton bites you but does no damage.
You barely miss the hound. The hobgoblin hits you.
* * * LOW HITPOINT WARNING * * *
The hound bites you.
* * * LOW HITPOINT WARNING * * *
You barely miss the hound. The hound barely misses you. The hobgoblin hits you.
You die...

......#
#...............
...####
#...............
)..#
..................
..|#
.......##...####...
...# .......##...#
#### .......##...#
.....##


#hKS# ... #.gh# #.Z@# #...# #...# ##### You could see a black bear, a hound, an
adder, a hobgoblin, a kobold and a hound skeleton.

Vanquished Creatures
  An adder (D:4)
  A dart slug (D:1)
  5 ball pythons
  2 bats (D:1)
  4 endoplasms (D:1)
  2 giant cockroaches
  4 goblins
  2 hobgoblins (D:1)
  3 kobolds (D:1)
  2 quokkas
  A frilled lizard (D:1)
  6 rats
33 creatures vanquished.

Vanquished Creatures (others)
  A plant (D:2)
1 creature vanquished.

Grand Total: 34 creatures vanquished

Notes
Turn   | Place    | Note
-------+----------+-------------------------------------------
     0 | D:1      | croobank the Vampire Gladiator began the quest for the Orb.
     0 | D:1      | Reached XP level 1. HP: 16/16 MP: 1/1
    36 | D:1      | Reached XP level 2. HP: 22/22 MP: 2/2
   138 | D:1      | Found a faded altar of an unknown god.
   485 | D:1      | Reached skill level 4 in Short Blades
   573 | D:1      | Gained mutation: You are afflicted with vampirism and can
                  | become a bat while bloodless. [Vampire growth]
   573 | D:1      | Reached XP level 3. HP: 27/27 MP: 3/3
   902 | D:2      | You fall into a shaft and drop 2 floors!
   939 | D:4      | Noticed a black bear
  1067 | D:4      | HP: 1/27 [hound (1)]
  1068 | D:4      | Slain by a hobgoblin

Illustrated notes

Levels and vault maps discovered:
D:1:      roderic_dead_forest, layout_loops_ring, basic_ecumenical_altar,
          chequers_mini_garden
D:2:      layout_loops_cross, serial_bayou_lagoon_a
D:4:      layout_basic, serial_shops, shop, minmay_misc_feat_square,
          chequers_serial_rivers_room_a, nicolae_underground_beach

Skill      XL: |  1  2 |
---------------+-------+-----
Fighting       | 2 |  2.2
Short Blades   | 4 |  4.2
Throwing       | |  1.6
Armour         | |  0.1
Dodging        | |  3.7
Stealth        | |  0.6

Action                   || total
-------------------------++-------
Melee: Rapier            ||    82
       Bite              ||    12
Throw: Throwing net      ||     3
       Stone             ||     1
  Use: Scroll            ||     1
       Potion            ||     2
 Stab: Sleeping          ||     2
Armor: Leather armour    ||    14
       Ring mail         ||    31
Dodge: Dodged            ||   101
